 Dungeon Crawl Stone Soup version 0.14-a0-882-gdff4d47 (webtiles) character file.

391 PolkaDot the Ruinous (level 5, 0/35 HPs)
             Began as a Vampire Conjurer on Nov 17, 2013.
             Succumbed to omil's ghost's sting
             ... on Level 3 of the Dungeon.
             The game lasted 00:09:27 (2978 turns).

PolkaDot the Ruinous (Vampire Conjurer)             Turns: 2978, Time: 00:09:27

HP   0/35        AC  3     Str  4 (7)  XL: 5   Next: 75%
MP   0/9         EV 18     Int 20      God:
Gold 157         SH  0     Dex 19      Spells:  2 memorised,  3 levels left

Res.Fire  : + . .   See Invis. : +   (no weapon)
Res.Cold  : + . .   Warding    : .   a - +0 robe
Life Prot.: . . .   Conserve   : .   (no shield)
Res.Poison: +       Res.Corr.  : .   (no helmet)
Res.Elec. : +       Clarity    : .   q - +0 cloak
Sust.Abil.: . .     Spirit.Shd : .   (no gloves)
Res.Mut.  : .       Stasis     : .   (no boots)
Res.Rott. : .       Flight     : .   (no amulet)
Saprovore : . . .                    (no ring)
                                     (no ring)

@: regenerating quickly, agile, quite poisoned, slightly resistant to hostile
enchantments, very stealthy
A: fangs 3, see invisible, unbreathing, Int +2
a: no special abilities


You were on level 3 of the Dungeon.
You were full.

You visited 1 branch of the dungeon, and saw 3 of its levels.

You collected 157 gold pieces.

Inventory:

Armour
 a - a +0 robe (worn)
 q - a +0 cloak (worn)
Magical devices
 p - a wand of slowing (9)
Scrolls
 d - 3 scrolls of remove curse {unknown}
 e - 2 scrolls of curse jewellery {unknown}
 g - a scroll of enchant weapon I {unknown}
 h - 5 scrolls of identify {unknown}
 i - a scroll of magic mapping {unknown}
 j - 2 scrolls of fog {unknown}
 m - a scroll of curse weapon {unknown}
 n - a scroll of recharging {unknown}
Books
 c - a book of Conjurations

   Spells                             Type                      Level
   *Magic Dart                        Conjuration                  1
   *Searing Ray                       Conjuration                  2
   Dazzling Spray                     Conjuration/Hexes            3
   Iskenderun's Mystic Blast          Conjuration                  4
   Iskenderun's Battlesphere          Conjuration/Charms           4
   Fulminant Prism                    Conjuration/Hexes            5


   Skills:
 - Level 2.1 Dodging
 - Level 3.0 Stealth
 - Level 1.0 Spellcasting
 * Level 5.3 Conjurations


You had 3 spell levels left.
You knew the following spells:

 Your Spells              Type           Power        Failure   Level  Hunger
a - Magic Dart            Conj           ###.         1%          1    ##.....
s - Searing Ray           Conj           ###...       2%          2    ###....


Dungeon Overview and Level Annotations

Branches:
Dungeon (3/16)

Altars:
Xom

Annotations:
D:3 omil's ghost, average FoVM


Innate Abilities, Weirdness & Mutations

Your natural rate of healing is unusually fast.
You have razor-sharp teeth.*
You have supernaturally acute eyesight.
You can survive without breathing.*
Your mind is acute. (Int +2)


Message History

Aiming: Magic Dart
Press: ? - help, Shift-Dir - straight line, p - omil's ghost The magic dart hits omil's ghost.
Omil's ghost is moderately damaged.
* * * LOW HITPOINT WARNING * * *
You feel sick.
* * * LOW HITPOINT WARNING * * *
You feel sick.
Omil's ghost gestures at you while chanting.
The ball explodes into a vile cloud!
The stinking cloud engulfs you!
* * * LOW HITPOINT WARNING * * *
The stinking cloud engulfs omil's ghost.
You barely miss omil's ghost.
Omil's ghost is moderately damaged.
* * * LOW HITPOINT WARNING * * *
You feel sick.
You feel a little better.
Omil's ghost whispers, "It is all a dream - a grotesque and foolish dream."
Omil's ghost barely misses you.
You die...

######...# #..####........)#
.........####...............###
...............................
.p.............................
#######...#######.............
#...# #..########... #...# #..#
#... #...#######..########...
#....p§@......).)[......
########################


You could see omil's ghost.

Vanquished Creatures
  Crazy Yiuf (D:2)
  2 orc wizards (D:3)
  5 gnolls
  6 adders
  A giant gecko (D:3)
  An ooze (D:2)
  7 orcs (D:3)
  A giant cockroach (D:2)
  8 goblins
  4 hobgoblins
  A quokka (D:2)
  A ball python (D:1)
  2 bats (D:2)
  4 giant newts (D:2)
  6 kobolds
  7 rats
57 creatures vanquished.

Notes
Turn   | Place    | Note
--------------------------------------------------------------
     0 | D:1      | PolkaDot, the Vampire Conjurer, began the quest for the Orb.
     0 | D:1      | Reached XP level 1. HP: 13/13 MP: 4/4
   518 | D:1      | Reached XP level 2. HP: 19/19 MP: 2/5
   758 | D:1      | Found a shimmering altar of Xom.
  1196 | D:1      | Learned a level 2 spell: Searing Ray
  1204 | D:2      | Reached XP level 3. HP: 5/24 MP: 1/6
  1416 | D:2      | Reached skill level 4 in Conjurations
  1523 | D:2      | Reached XP level 4. HP: 15/30 MP: 2/8
  2187 | D:2      | Noticed Crazy Yiuf
  2192 | D:2      | Killed Crazy Yiuf
  2365 | D:2      | Reached XP level 5. HP: 35/35 MP: 3/9
  2515 | D:3      | Reached skill level 5 in Conjurations
  2953 | D:3      | Noticed omil's ghost (average FoVM)
  2970 | D:3      | Gained mutation: Your mind is acute. (Int +2) [potion of beneficial mutation]
  2976 | D:3      | HP: 1/35 [poisoned by omil's ghost (sting)]
  2978 | D:3      | Succumbed to omil's ghost's sting

Action                   |  1- 3 |  4- 6 || total
-------------------------+-------+-------++-------
Melee: Unarmed           |    12 |    27 ||    39
 Cast: Magic Dart        |    24 |    59 ||    83
       Searing Ray       |     5 |     8 ||    13
  Use: Potion            |     1 |     7 ||     8
 Stab: Sleeping          |     1 |       ||     1
